 Dungeon Crawl Stone Soup version 0.24.0-1-gfbc8707122 (webtiles) character file.

Game seed: 4298881226082891787, levelgen mode: deterministic

463 Gaball the Cleaver (level 6, -4/51 HPs)
             Began as a Minotaur Berserker on Oct 25, 2019.
             Was a Believer of Trog.
             Blown up by Ijyb (24 damage)
             ... with a disintegration bolt
             ... on level 3 of the Dungeon.
             The game lasted 00:04:16 (2355 turns).

Gaball the Cleaver (Minotaur Berserker)             Turns: 2355, Time: 00:04:16

Health: -4/51      AC:  6    Str: 21    XL:     6   Next: 79%
Magic:  5/5        EV: 10    Int:  4    God:    Trog [**....]
Gold:   137        SH:  0    Dex: 12    Spells: 5/5 levels left

rFire    . . .     SeeInvis .   a - +0 hand axe
rCold    . . .     Gourm    .   (no shield)
rNeg     . . .     Faith    .   x - +0 scale mail
rPois    .         Spirit   .   (helmet restricted)
rElec    .         Reflect  .   (no cloak)
rCorr    .         Harm     .   (no gloves)
MR       .....                  (no boots)
Stlth    ..........             (no amulet)
HPRegen  0.17/turn              (no ring)
MPRegen  0.09/turn              (no ring)

@: no status effects
A: retaliatory headbutt, horns 2
a: Berserk, Trog's Hand, Renounce Religion


You were on level 3 of the Dungeon.
You worshipped Trog.
Trog was pleased with you.
You were not hungry.

You visited 1 branch of the dungeon, and saw 3 of its levels.

You collected 137 gold pieces.

Inventory:

Hand Weapons
 a - a +0 hand axe (weapon)
Armour
 b - a +0 animal skin
 x - a +0 scale mail (worn)
Jewellery
 d - an uncursed ring of flight {unknown}
 n - a cursed ring of protection from cold {unknown}
 p - an uncursed amulet of the gourmand {unknown}
 u - a cursed ring of attention {unknown}
Scrolls
 e - a scroll of noise {unknown}
 f - 3 scrolls of remove curse {unknown}
 h - 3 scrolls of identify {unknown}
 o - a scroll of amnesia {unknown}
 q - 2 scrolls of teleportation {unknown}
 r - a scroll of fear {unknown}
 t - a scroll of magic mapping {unknown}
Potions
 g - 2 potions of brilliance {unknown}
 i - 2 potions of agility {unknown}
 j - 2 potions of flight {unknown}
 k - 2 potions of lignification {unknown}
 l - 2 potions of haste {unknown}
 m - a potion of heal wounds {unknown}
 s - 2 potions of curing {unknown}
 v - a potion of resistance
 w - 2 potions of magic {unknown}
Comestibles
 c - 4 rations


   Skills:
 - Level 3.6 Fighting
 + Level 9.3 Axes
 - Level 2.4 Armour
 - Level 2.1 Dodging


You had 5 spell levels left.
You didn't know any spells.
Your spell library was empty.

Dungeon Overview and Level Annotations

Branches:
Dungeon (3/15)

Altars:
Ashenzari
Dithmenos
Qazlal
Vehumet
Yredelemnul

Annotations:
D:3 Ijyb, Jessica


Innate Abilities, Weirdness & Mutations

You reflexively headbutt those who attack you in melee.
You have a pair of horns on your head.


Message History

A giant cockroach is nearby!
The giant cockroach closely misses you.
The giant cockroach bites you but does no damage.
You slash the giant cockroach!
You kill the giant cockroach!
Trog accepts your kill.
No target in view!
No target in view!
No target in view!
You see here a giant cockroach corpse.
Ijyb shouts!
Ijyb zaps a wand.
You are blasted!
Ouch! That really hurt!
Ijyb is nearby!
Ijyb is nearby!
Ijyb is nearby!
Ijyb zaps a wand.
You barely resist.
You see here a giant cockroach corpse.
Ijyb zaps a wand.
You are blasted!
You die...

# #.. :.......(÷.†((#
#### # # #.#
#####..####### #..# #
#.# ##..# #..# # .#
##...## ##.### #
#####..⌠..# #.... #
..##.♣.♣.# ##### #
#.##.....# #### # #..#
##.####..## #... #
#..###...###.@#######
#.#. ##
#........g..........#
#.#.
.###..###...##########.#
#### #.##..# ##.## ..
.###..# #.# .# . ## #..#
#†######.# ..
####..####....g...###...
.............##.#......#
####..######.#....$.....


You could see Ijyb.

Vanquished Creatures
  Sigmund (D:2)
  An ice beast (D:2)
  Terence (D:2)
  Natasha (twice) (D:3)
  5 adders
  2 oozes
  A worm (D:2)
  3 dart slugs (D:2)
  3 leopard geckos
  6 giant cockroaches
  3 hobgoblins
  7 jackals
  8 kobolds
  2 quokkas
  5 ball pythons
  7 bats
  4 frilled lizards
  8 goblins
  11 rats
80 creatures vanquished.

Notes
Turn   | Place    | Note
-------+----------+-------------------------------------------
     0 | D:1      | Gaball the Minotaur Berserker began the quest for the Orb.
     0 | D:1      | Reached XP level 1. HP: 19/19 MP: 0/0
    21 | D:1      | Reached skill level 4 in Axes
    56 | D:1      | Reached XP level 2. HP: 26/26 MP: 1/1
   305 | D:1      | Reached skill level 5 in Axes
   376 | D:1      | Reached ** piety under Trog
   536 | D:1      | Reached XP level 3. HP: 28/31 MP: 2/2
   695 | D:2      | Noticed Sigmund
   696 | D:2      | Noticed Terence
   716 | D:2      | Killed Terence
   716 | D:2      | Reached skill level 6 in Axes
   716 | D:2      | Reached XP level 4. HP: 39/39 MP: 3/3
   725 | D:2      | Killed Sigmund
   725 | D:2      | Reached skill level 7 in Axes
   725 | D:2      | Reached XP level 5. HP: 45/45 MP: 4/4
   804 | D:2      | Reached skill level 8 in Axes
   907 | D:2      | HP: 2/45 [poisoned by an adder]
   915 | D:2      | HP: 1/45 [poisoned by an adder]
  1185 | D:2      | Reached XP level 6. HP: 46/51 MP: 5/5
  1616 | D:2      | Noticed an ice beast
  1624 | D:2      | Killed an ice beast
  1741 | D:3      | Reached skill level 9 in Axes
  1794 | D:3      | Noticed Natasha
  1801 | D:3      | Killed Natasha
  1959 | D:3      | Noticed Ijyb
  2119 | D:3      | Found a shattered altar of Ashenzari.
  2121 | D:3      | Found a shadowy altar of Dithmenos.
  2121 | D:3      | Noticed Jessica
  2201 | D:3      | Found a stormy altar of Qazlal.
  2202 | D:3      | Found a radiant altar of Vehumet.
  2203 | D:3      | Found a basalt altar of Yredelemnul.
  2292 | D:3      | Noticed Natasha
  2302 | D:3      | Killed Natasha
  2355 | D:3      | Blown up by Ijyb

Levels and vault maps discovered:
D:1:      dpeg_arrival_court, layout_rooms, serial_forest,
          infiniplex_forest_straight_4, infiniplex_forest_end_2,
          infiniplex_forest_clump_C, infiniplex_forest_straight_2,
          infiniplex_forest_clump_diagonal, infiniplex_forest_clump_cross
D:2:      layout_loops_cross, kennysheep_generic_room_7, uniq_sigmund,
          uniq_terence
D:3:      layout_loops_ring, nicolae_overflow_hidden_temple,
          amethyst_overflow_temple_binary, first_ration,
          hangedman_feature_mirror, uniq_natasha, uniq_jessica, uniq_ijyb

Skill      XL: |  1  2  3  4  5  6 |
---------------+-------------------+-----
Axes           | 4 5 6 7 8 9 |  9.3
Fighting       | |  3.6
Armour         | |  2.4
Dodging        | |  2.1

Action                   |  1- 3 |  4- 6 || total
-------------------------+-------+-------++-------
Melee: Hand axe          |    44 |   104 ||   148
       Headbutt          |     6 |    25 ||    31
Invok: Berserk           |     1 |       ||     1
       Trog's Hand       |       |     2 ||     2
Evoke: Wand              |       |     2 ||     2
 Stab: Sleeping          |       |     2 ||     2
  Eat: Chunk             |       |     6 ||     6
Armor: Animal skin       |     8 |    14 ||    22
       Scale mail        |       |     3 ||     3
Dodge: Dodged            |    31 |    51 ||    82
